 Dungeon Crawl Stone Soup version 0.28.0-1-gb440e238dd (console) character file.

Game seed: 13465951540741164741

1354 ryathie the Reanimator (level 8, -1/58 HPs)
             Began as a Formicid Necromancer on Feb 20, 2022.
             Slain by Edmund (11 damage)
             ... on level 5 of the Dungeon.
             The game lasted 00:19:58 (6774 turns).

ryathie the Reanimator (Formicid Necromancer)       Turns: 6774, Time: 00:19:59

Health: -1/58      AC:  3    Str: 12    XL:     8   Next: 95%
Magic:  11/14      EV: 12    Int: 18    God:
Gold:   258        SH:  0    Dex: 11    Spells: 10/15 levels left

rFire   . . .      SeeInvis +   a - +1 dagger (venom)
rCold   . . .      Faith    .   (no shield)
rNeg    . . .      Spirit   .   f - +1 robe
rPois   .          Reflect  .   (helmet unavailable)
rElec   .          Harm     .   (no cloak)
rCorr   .          Rampage  .   (no gloves)
Will    .....                   (no boots)
Stlth   ++........              (no amulet)
HPRegen 0.19/turn               (no ring)
MPRegen 0.14/turn               (no ring)

@: studying Long Blades
A: permanent stasis, dig shafts and tunnels, antennae 3, four strong arms
a: Dig, Shaft Self


You were on level 5 of the Dungeon.
You visited 1 branch of the dungeon, and saw 5 of its levels.

You collected 258 gold pieces.

Inventory:

Hand Weapons
 a - a +1 dagger of venom (weapon)
 b - a +1 dagger of electrocution
 n - a +2 hand axe of flaming
Armour
 f - a +1 robe (worn)
Scrolls
 d - a scroll of fog
 e - 4 scrolls of magic mapping
 g - a scroll of torment
 h - 2 scrolls of enchant weapon
 j - a scroll of vulnerability {unknown}
 o - a scroll of enchant armour
Potions
 c - a potion of cancellation {unknown}
 i - a potion of experience {unknown}
 k - a potion of curing {unknown}
 l - a potion of might {unknown}
 m - 2 potions of berserk rage {unknown}
 p - 3 potions of lignification {unknown}
 q - 2 potions of invisibility


   Skills:
 + Level 3.2 Fighting
 + Level 7.5 Long Blades
 - Level 1.7 Dodging
 - Level 2.4 Stealth
 - Level 4.0 Spellcasting
 * Level 8.4 Necromancy


You had 10 spell levels left.
You knew the following spells:

 Your Spells              Type           Power      Damage    Failure   Level
a - Pain                  Necr           100%       1d9       1%          1
b - Animate Skeleton      Necr           68%        N/A       1%          1
c - Vampiric Draining     Necr           34%        2d8       1%          3

Your spell library contained the following spells:

 Spells                   Type           Power      Damage    Failure   Level
 Animate Dead             Necr           17%        N/A       4%          4
 Agony                    Necr           34%        N/A       13%         5
 Ozocubu's Armour         Ice            3%         N/A       41%         3
 Cause Fear               Hex            1%         N/A       82%         4
 Dragon Form              Tmut           1%         N/A       100%        7
 Ozocubu's Refrigeration  Ice            1%         4d5       100%        7
 Dragon's Call            Summ           1%         N/A       100%        9


Dungeon Overview and Level Annotations

Branches:
Dungeon (5/15)
 Temple: D:4-7

Altars:
Vehumet

Annotations:
D:5 1 runed translucent door, exclusion: water moccasin, Edmund; SnakkuSnakku7's ghost, novice DEAr


Innate Abilities, Weirdness & Mutations

You cannot be hasted, slowed, berserked, paralysed or teleported.
You can dig through walls and to a lower floor.
You have a pair of large antennae on your head. (SInv)
Your four strong arms can wield two-handed weapons with a shield.


Message History

a - a +1 dagger of venom (weapon)
Unknown command.
You see here a +0 flail.
Edmund the Younger comes into view.
He is wielding a +6 dire flail of protection.
Edmund shouts!
Edmund is nearby!
Casting: Vampiric Draining (safe; 1% risk of failure)
Confirm with . or Enter, or press ? or * to list all spells.
Aiming: Pain (safe; 1% risk of failure)
Press: ? - help, Shift-Dir - straight line, f - Edmund
Aim: Edmund, wielding a +6 dire flail of protection and wearing a +0 leather armour (chance to affect: 83%) Edmund writhes in agony!
Casting: Pain (safe; 1% risk of failure)
Confirm with . or Enter, or press ? or * to list all spells.
Aiming: Pain (safe; 1% risk of failure)
Press: ? - help, Shift-Dir - straight line, f/p - Edmund
Aim: Edmund, wielding a +6 dire flail of protection and wearing a +0 leather armour (lightly wounded, chance to affect: 83%) Edmund writhes in agony.
Edmund says, "You wouldn't believe how much I paid for this flail."
You see here a +0 flail.
Edmund hits you with a +6 dire flail of protection.
You hit Edmund but do no damage.
Edmund is poisoned.
Edmund is moderately wounded.
You hit Edmund but do no damage.
Edmund is moderately wounded.
Edmund hits you with a +6 dire flail of protection!
You hit Edmund but do no damage.
Edmund looks as sick as possible!
Edmund is moderately wounded.
Edmund hits you with a +6 dire flail of protection!
Casting: Pain (safe; 1% risk of failure)
Confirm with . or Enter, or press ? or * to list all spells.
Aiming: Vampiric Draining (safe; 1% risk of failure)
Press: ? - help, Shift-Dir - straight line, f/p - Edmund
Aim: Edmund, wielding a +6 dire flail of protection and wearing a +0 leather armour (moderately wounded, extremely poisoned)
You draw life force from Edmund.
You feel life coursing into your body.
Edmund hits you with a +6 dire flail of protection!
* * * LOW HITPOINT WARNING * * *
You see here a +0 giant club.
Edmund hits you with a +6 dire flail of protection!
You die...

#.....#.#####.####.###
#.# #.#
.#....#.......# #.#
#.###>#
..#..#.......##
#.#######.....##
..###)..####.#
##.##............
.###....## #.#
#.....#..#...#.##
#..#...).###)#
#..####..........
....#......#.# #..#
##....#..##
..†..##..#.#)####..#
#...#..#.#
.........#.....@@..##
#.....#.#.
.....>######.####...##
#..#.....# ##...## #.#
#....# #......###
###.## #.# ##+###
#....#.^.. ....# #.#
#§§W####.#...#.##
#####
#.####§§§#.##...#..#.#
.. #.#..# {
#..........#. #.
#######.#.##
##.##........#
........#.#
#.###..#.#####


You could see Edmund (very poisoned) and SnakkuSnakku7's ghost (wandering).

Vanquished Creatures
  Pikel (D:4)
  Eustachio (D:5)
  A sky beast (D:5)
  An ogre (D:5)
  A lemure (D:4)
  2 phantoms
  A scorpion (D:5)
  2 hounds (D:5)
  A centaur skeleton (D:5)
  A bullfrog skeleton (D:5)
  A jelly (D:5)
  3 orc wizards (D:4)
  2 howler monkey zombies (D:5)
  3 gnolls (D:5)
  4 adders
  An ufetubus (D:4)
  A worm (D:3)
  2 dart slugs
  10 orcs
  6 ball pythons
  5 bats
  7 endoplasms
  A giant cockroach (D:1)
  8 goblins
  2 hobgoblins
  5 jackals
  9 quokkas
  4 frilled lizards
  3 kobolds
  6 rats
95 creatures vanquished.

Vanquished Creatures (collateral kills)
  A giant cockroach (D:1)
  A goblin (D:1)
  A hobgoblin (D:1)
  A jackal (D:1)
  2 ball pythons (D:1)
  A kobold (D:1)
  A rat (D:1)
8 creatures vanquished.

Grand Total: 103 creatures vanquished

Notes
Turn   | Place    | Note
-------+----------+-------------------------------------------
     0 | D:1      | ryathie the Formicid Necromancer began the quest for the
                  | Orb.
     0 | D:1      | Reached XP level 1. HP: 13/13 MP: 3/3
   180 | D:1      | Learned a level 1 spell: Animate Skeleton
   214 | D:1      | Reached XP level 2. HP: 8/19 MP: 0/5
   971 | D:1      | Reached XP level 3. HP: 1/24 MP: 1/7
  1049 | D:1      | Found a faded altar of an unknown god.
  1174 | D:1      | Learned a level 3 spell: Vampiric Draining
  1284 | D:1      | Reached skill level 1 in Long Blades
  1749 | D:2      | You fall into a shaft and drop 1 floor!
  1782 | D:3      | Reached XP level 4. HP: 18/30 MP: 1/8
  2524 | D:3      | Found a radiant altar of Vehumet.
  3133 | D:3      | Reached skill level 5 in Necromancy
  3338 | D:4      | Noticed a phantom
  3473 | D:1      | Killed a phantom
  3474 | D:1      | Reached XP level 5. HP: 26/35 MP: 8/10
  3983 | D:4      | Reached XP level 6. HP: 28/41 MP: 5/11
  4049 | D:4      | HP: 1/41 [orc wizard/puff of flame (12)]
  4863 | D:4      | Noticed Pikel
  4879 | D:4      | Killed Pikel
  4880 | D:4      | Reached skill level 5 in Long Blades
  4880 | D:4      | Reached skill level 7 in Necromancy
  4880 | D:4      | Reached XP level 7. HP: 31/46 MP: 2/13
  5267 | D:5      | Entered Level 5 of the Dungeon
  5286 | D:5      | Reached XP level 8. HP: 25/53 MP: 6/14
  5470 | D:5      | Reached skill level 1 in Fighting
  6344 | D:5      | Noticed Eustachio
  6459 | D:5      | Killed Eustachio
  6460 | D:5      | Reached skill level 8 in Necromancy
  6536 | D:5      | Found a runed translucent door.
  6537 | D:5      | Noticed a vampire
  6538 | D:5      | Noticed SnakkuSnakku7's ghost (novice DEAr)
  6746 | D:5      | Noticed Edmund
  6774 | D:5      | Slain by Edmund

Illustrated notes

Levels and vault maps discovered:
D:1:      pf_arrival_petrified_forest, layout_basic,
          dreamdust_ecumenical_altar_statues
D:2:      layout_basic
D:3:      layout_basic, mainiacjoe_overflow_surrounded_room
D:4:      layout_basic, uniq_pikel
D:5:      layout_loops_ring, ebering_ghost_inner_flame, minmay_misc_feat_chi,
          hangedman_decor_growths, minmay_increasing_density, uniq_eustachio,
          uniq_edmund

Skill      XL: |  1  2  3  4  5  6  7  8 |
---------------+-------------------------+-----
Long Blades    | 1 3 5 6 7 |  7.5
Spellcasting   | 3 4 |  4.0
Necromancy     | 5 7 8 |  8.4
Fighting       | 3 |  3.2
Dodging        | |  1.7
Stealth        | |  2.4

Action                   |  1- 3 |  4- 6 |  7- 9 || total
-------------------------+-------+-------+-------++-------
Melee: Unarmed           |    13 |       |       ||    13
       Dagger            |    29 |    91 |   111 ||   231
       Punch             |     1 |     1 |     1 ||     3
 Cast: Pain              |    56 |    58 |    25 ||   139
       Animate Skeleton  |    11 |     4 |     1 ||    16
       Vampiric Draining |       |     4 |    10 ||    14
  Use: Scroll            |     1 |     4 |     5 ||    10
 Stab: Sleeping          |     1 |       |     3 ||     4
Armor: Robe              |    13 |    10 |    15 ||    38
Dodge: Dodged            |    53 |    52 |    64 ||   169
